 Dungeon Crawl Stone Soup version 0.24-a0-201-gf205589 (webtiles) character file.

Game seed: 15065040974368839664

391 Ivan the Cudgeler (level 6, -3/56 HPs)
             Began as a Minotaur Abyssal Knight on Mar 24, 2019.
             Was a Believer of Lugonu.
             Slain by Edmund
             ... wielding a +4 dire flail of protection
              (12 damage)
             ... on level 3 of the Dungeon.
             The game lasted 00:07:46 (2463 turns).

Ivan the Cudgeler (Minotaur Abyssal Knight)         Turns: 2463, Time: 00:07:47

Health: -3/56      AC:  3    Str: 18    XL:     6   Next: 50%
Magic:  6/6        EV: 12    Int: 14    God:    Lugonu [**....]
Gold:   135        SH:  0    Dex: 10    Spells: 5/5 levels left

rFire    + . .     SeeInvis .   a - +1 mace
rCold    x . .     Gourm    .   (no shield)
rNeg     . . .     Faith    .   b - +0 leather armour
rPois    .         Spirit   .   (helmet restricted)
rElec    .         Reflect  .   (no cloak)
rCorr    .         Harm     .   (no gloves)
MR       .....                  (no boots)
Stlth    +.........             (no amulet)
HPRegen  0.18/turn              d - ring of fire
MPRegen  0.10/turn              (no ring)

@: brilliant
A: retaliatory headbutt, horns 2
a: Depart the Abyss, Bend Space, Renounce Religion


You were on level 3 of the Dungeon.
You worshipped Lugonu.
Lugonu was pleased with you.
You were not hungry.

You visited 1 branch of the dungeon, and saw 4 of its levels.
You visited the Abyss 1 time.

You collected 135 gold pieces.

Inventory:

Hand Weapons
 a - a +1 mace (weapon)
Armour
 b - a +0 leather armour (worn)
 l - a +0 cloak
Jewellery
 d - a ring of fire (left hand)
Wands
 o - a wand of polymorph (8)
Scrolls
 e - 6 scrolls of identify {unknown}
 f - 4 scrolls of fog {unknown}
 g - 6 scrolls of enchant weapon {unknown}
 m - a scroll of noise {unknown}
 n - a scroll of teleportation {unknown}
Comestibles
 c - 3 rations


   Skills:
 + Level 5.5 Fighting
 + Level 5.8 Maces & Flails
 + Level 3.4 Armour
 + Level 2.9 Dodging
 + Level 2.3 Invocations


You had 5 spell levels left.
You didn't know any spells.
Your spell library was empty.

Dungeon Overview and Level Annotations

Branches:
Dungeon (4/15)
 Temple: D:4-7

Altars:
Okawaru
Ru

Annotations:
D:3 Edmund


Innate Abilities, Weirdness & Mutations

You reflexively headbutt those who attack you in melee.
You have a pair of horns on your head.


Message History

* * * LOW HITPOINT WARNING * * *
You closely miss Edmund.
Edmund is moderately wounded.
Edmund closely misses you.
You hit Edmund.
Edmund is heavily wounded.
Edmund barely misses you. You furiously retaliate!
You headbutt Edmund, but do no damage. You barely miss Edmund.
Edmund is heavily wounded.
Edmund hits you with a +4 dire flail of protection.
* * * LOW HITPOINT WARNING * * *
You hit Edmund.
Edmund is severely wounded.
Edmund barely misses you. You furiously retaliate!
You headbutt Edmund, but do no damage. You hit Edmund but do no damage.
You headbutt Edmund!
Edmund is almost dead.
Edmund hits you with a +4 dire flail of protection!
You die...

.#
########'#####..#.##....รท)....
.# #.# #..#....###'##### .#
#.#####..########.# .#
#.......>.........#
.################.#.#########
.'...........# #.#.######
.###########.# #.#......#
..........##.####@######.#
....).....##....@.# #.#
#.################# #.# #.# #<#
#.# #.# #.# #.######## #.# #.#
#......... #.# #.# ##########
#.# #.# ..# #.#
###############.#


You could see Edmund.

Vanquished Creatures
  Grinder (D:3)
  Crazy Yiuf (D:3)
  Jessica (D:3)
  7 adders
  An ooze (D:2)
  2 worms (D:2)
  A dart slug (D:1)
  3 orcs (D:3)
  3 giant cockroaches (D:3)
  8 goblins
  5 hobgoblins
  2 jackals (D:1)
  8 kobolds
  2 quokkas (D:2)
  A ball python (D:2)
  7 bats
  5 frilled lizards
  9 rats
67 creatures vanquished.

Notes
Turn   | Place    | Note
-------+----------+-------------------------------------------
     0 | Abyss:1  | Ivan the Minotaur Abyssal Knight began the quest for the
                  | Orb.
     0 | Abyss:1  | Reached XP level 1. HP: 19/19 MP: 1/1
    42 | Abyss:1  | Found a corrupted altar of Lugonu.
    47 | Abyss:1  | Noticed a raiju
    48 | D:1      | Escaped the Abyss
   172 | D:1      | Reached XP level 2. HP: 20/27 MP: 2/2
   179 | D:1      | Reached * piety under Lugonu
   809 | D:2      | Reached XP level 3. HP: 34/34 MP: 3/3
  1134 | D:2      | Reached XP level 4. HP: 36/41 MP: 4/4
  1178 | D:2      | Found a sacrificial altar of Ru.
  1278 | D:2      | Found an iron altar of Okawaru.
  1584 | D:3      | Reached ** piety under Lugonu
  1695 | D:3      | Noticed Jessica
  1703 | D:3      | Killed Jessica
  1703 | D:3      | Reached skill level 5 in Fighting
  1703 | D:3      | Reached XP level 5. HP: 36/48 MP: 5/5
  1826 | D:3      | Noticed Grinder
  1832 | D:3      | Paralysed by Grinder for 2 turns
  1847 | D:3      | Killed Grinder
  1847 | D:3      | Reached skill level 5 in Maces & Flails
  1847 | D:3      | Reached XP level 6. HP: 26/56 MP: 6/6
  2118 | D:3      | Found a runed translucent door.
  2119 | D:3      | Noticed Crazy Yiuf
  2343 | D:3      | Killed Crazy Yiuf
  2428 | D:4      | Noticed Edmund
  2463 | D:3      | Slain by Edmund

Levels and vault maps discovered:
D:1:      matt_arrival_grand_opening, layout_basic
D:2:      layout_rooms, nicolae_ru_awakened_eye, kennysheep_okawaru_gauntlet
D:3:      layout_basic, uniq_grinder, uniq_crazy_yiuf_cottage, uniq_jessica
D:4:      layout_cave_pools, chequers_temple_overflow_statue_of_worship,
          kennysheep_mini, temple_pool_b, first_ration,
          minmay_misc_feat_enclosed, uniq_menkaure, uniq_edmund, uniq_natasha
Abyss:1

Skill      XL: |  1  2  3  4  5 |
---------------+----------------+-----
Invocations    | 2 |  2.3
Fighting       | 4 5 |  5.5
Maces & Flails | 3 4 5 |  5.8
Dodging        | 2 |  2.9
Armour         | 3 |  3.4

Action                   |  1- 3 |  4- 6 || total
-------------------------+-------+-------++-------
Melee: Mace              |    73 |    87 ||   160
       Headbutt          |     5 |    15 ||    20
Invok: Depart the Abyss  |     1 |       ||     1
       Bend Space        |       |     1 ||     1
  Use: Potion            |       |     6 ||     6
  Eat: Chunk             |       |     2 ||     2
       Ration            |       |     1 ||     1
Armor: Leather armour    |    22 |    20 ||    42
Dodge: Dodged            |    51 |    66 ||   117

Table legend:
 A = Non-vault XP
 B = Vault XP
 C = Vault XP percentage of total XP
 D = Non-vault monster count
 E = Vault monster count
 F = Vault count percentage of total count
                 A         B        C        D         E       F
            +---------+---------+-------+---------+---------+-------
      Total |     199 |     360 |  64.4 |      64 |       3 |   4.5
            +---------+---------+-------+---------+---------+-------
        D:1 |      38 |       0 |   0.0 |      24 |       0 |   0.0
        D:2 |      91 |       0 |   0.0 |      22 |       0 |   0.0
        D:3 |      70 |     360 |  83.7 |      18 |       3 |  14.3
            +---------+---------+-------+---------+---------+-------
